 Dungeon Crawl Stone Soup version 0.25-a0-834-g55863b0b92 (webtiles) character file.

Game seed: 16786377184828173890, levelgen mode: deterministic

2844 MisterFreud the Magician (level 9, 0/99 HPs)
             Began as a Gnoll Venom Mage on Apr 23, 2020.
             Was a Follower of Ashenzari.
             Slain by a hippogriff (5 damage)
             ... on level 8 of the Dungeon.
             The game lasted 00:23:01 (8880 turns).

MisterFreud the Magician (Gnoll Venom Mage)         Turns: 8880, Time: 00:23:01

Health: 0/99       AC:  3    Str: 10    XL:     9   Next: 74%
Magic:  19/19      EV: 17    Int: 21    God:    Ashenzari [*.....]
Gold:   290        SH:  6    Dex: 19    Spells: 17/21 levels left

rFire    + . .     SeeInvis .   J - +2 dagger (venom)
rCold    + . .     Gourm    .   g - +0 buckler (curse)
rNeg     . . .     Faith    .   z - +1 robe {rF+}
rPois    .         Spirit   .   (no helmet)
rElec    .         Reflect  .   H - scarf {repulsion}
rCorr    .         Harm     .   (no gloves)
MR       .....                  (no boots)
Stlth    ..........             (no amulet)
HPRegen  0.26/turn              e - +3 ring of dexterity
MPRegen  0.16/turn              N - ring of protection from cold

@: berserking (expiring), starving, repel missiles, very quick
A: distributed training, fangs 1, strong nose
a: Curse Item, Scrying, Renounce Religion


You were on level 8 of the Dungeon.
You worshipped Ashenzari.
Ashenzari was aware of your devotion.
You were starving.

You visited 1 branch of the dungeon, and saw 8 of its levels.

You collected 290 gold pieces.

Inventory:

Hand Weapons
 r - a +2 mace of holy wrath
 J - a +2 dagger of venom (weapon)
Missiles
 h - a throwing net
 i - 83 arrows
 k - 273 stones
 l - 19 sling bullets
 u - 7 poisoned darts
 K - 2 boomerangs (quivered)
 L - 5 curare-tipped darts
 P - 10 bolts
Armour
 a - a +0 robe
 g - a cursed +0 buckler (worn)
 z - a +1 robe of fire resistance (worn)
 H - a scarf of repulsion (worn)
Jewellery
 e - a +3 ring of dexterity (left hand)
 I - an uncursed ring of ice
 N - a ring of protection from cold (right hand)
Wands
 y - a wand of polymorph (12)
 E - a wand of random effects (14)
Scrolls
 b - a scroll of blinking {unknown}
 f - 2 scrolls of enchant armour {unknown}
 m - a scroll of summoning {unknown}
 n - 2 scrolls of immolation {unknown}
 t - 2 scrolls of magic mapping {unknown}
 v - a scroll of fog {unknown}
 w - 2 scrolls of noise {unknown}
 x - 4 scrolls of teleportation {unknown}
 C - a scroll of enchant weapon {unknown}
 F - 3 scrolls of remove curse
 G - a scroll of fear {unknown}
 M - a scroll of torment {unknown}
Potions
 d - a potion of heal wounds
 j - a potion of resistance
 o - a potion of degeneration
 q - a potion of haste
 s - a potion of berserk rage
 A - a potion of ambrosia
 B - a potion of stabbing
 D - a potion of lignification
 O - a potion of brilliance
 Q - a potion of magic {unknown}
Comestibles
 c - 11 rations


   Skills:
 + Level 4.4 Fighting
 + Level 4.4 Short Blades
 + Level 4.4 Long Blades
 + Level 4.4 Axes
 + Level 4.4 Maces & Flails
 + Level 4.4 Polearms
 + Level 4.4 Staves
 + Level 4.4 Slings
 + Level 4.4 Bows
 + Level 4.4 Crossbows
 + Level 4.4 Throwing
 + Level 4.4 Armour
 + Level 6.4 Dodging
 + Level 6.2 Stealth
 + Level 4.4 Shields
 + Level 4.4 Unarmed Combat
 + Level 6.8 Spellcasting
 + Level 3.6 Conjurations
 + Level 3.6 Hexes
 + Level 3.6 Charms
 + Level 3.6 Summonings
 + Level 3.6 Necromancy
 + Level 3.6 Translocations
 + Level 4.3 Transmutations
 + Level 3.6 Fire Magic
 + Level 3.6 Ice Magic
 + Level 3.6 Air Magic
 + Level 3.6 Earth Magic
 + Level 6.6 Poison Magic
 + Level 4.9 Invocations
 + Level 4.4 Evocations


You had 17 spell levels left.
You knew the following spells:

 Your Spells              Type           Power        Failure   Level  Hunger
a - Sting                 Tmut/Pois      ####         1%          1    None
b - Mephitic Cloud        Conj/Pois/Air  ####....     4%          3    #......

Your spell library contained the following spells:

 Spells                   Type           Power        Failure   Level  Hunger
 Poisonous Vapours        Pois/Air       ####..       1%          2    None
 Ignite Poison            Fire/Tmut/Pois ####....     3%          3    #......
 Olgreb's Toxic Radiance  Pois           #####...     6%          4    ###....


Dungeon Overview and Level Annotations

Branches:
Dungeon (8/15)             Temple (0/1) D:7
   Lair: D:8-11

Altars:
Ashenzari
Fedhas
Hepliaklqana
Makhleb
Wu Jian


Innate Abilities, Weirdness & Mutations

Your experience applies equally to all skills.
You have very sharp teeth.
Your uncanny sense of smell can sniff out nearby items.


Message History

You barely miss the hippogriff.
The hippogriff is moderately wounded.
The hippogriff bites you.
* * * LOW HITPOINT WARNING * * *
The hippogriff completely misses you. The hippogriff misses you.
You puncture the hippogriff!
The hippogriff looks even sicker.
The hippogriff is severely wounded.
You are starving!
You barely miss the hippogriff.
The hippogriff is severely wounded.
You block the hippogriff's attack. The hippogriff barely misses you.
The hippogriff claws you.
* * * LOW HITPOINT WARNING * * *
You puncture the hippogriff!
The hippogriff looks as sick as possible!
The hippogriff is almost dead.
You hit the hippogriff but do no damage.
The hippogriff is almost dead.
The hippogriff bites you.
You die...

...8.......#
...........# .......
#..## ..._... #...#
##....####..######
......?..........# ..#
### .............###l#
#.# #<# .............#
#H#.#.# #.#
.............# #@#.#.#
#.# ...........#.#
#.#.#.# #.#
####.......#..##.#.#.#
#.#
#.......##>##.#.#.#
#.# #......^#
.##.#.#.# #.#
#.......#
.##.#.#.###.#
######'##
....#.......#
#.##########.#####
#............#


You could see a hippogriff and a leopard gecko.

Vanquished Creatures
  3 orc warriors
  2 black bears (D:6)
  An ogre (D:7)
  A big kobold (D:7)
  A gnoll sergeant (D:6)
  2 bullfrogs
  6 scorpions
  11 killer bees
  8 wights
  2 howler monkeys
  A crimson imp (D:3)
  A bullfrog skeleton (D:4)
  A hound (D:5)
  3 orc priests
  10 orc wizards
  Jessica (D:2)
  2 worker ants
  8 gnolls (D:6)
  8 adders
  An adder skeleton (D:4)
  4 worms
  9 leopard geckos
  35 orcs
  2 ball pythons
  9 bats
  3 giant cockroaches
  11 goblins
  7 hobgoblins
  13 jackals
  12 kobolds
  2 quokkas
  4 frilled lizards
  A jackal skeleton (D:7)
  6 rats
191 creatures vanquished.

Notes
Turn   | Place    | Note
-------+----------+-------------------------------------------
     0 | D:1      | MisterFreud the Gnoll Venom Mage began the quest for the
                  | Orb.
     0 | D:1      | Reached XP level 1. HP: 13/13 MP: 6/6
   179 | D:1      | Reached XP level 2. HP: 19/19 MP: 4/7
   625 | D:1      | Reached XP level 3. HP: 25/25 MP: 6/9
   738 | D:1      | Reached skill level 5 in Spellcasting
  1171 | D:2      | Reached skill level 1 in Invocations
  1183 | D:2      | Learned a level 3 spell: Mephitic Cloud
  1435 | D:2      | Reached skill level 1 in Fighting
  1435 | D:2      | Reached skill level 1 in Short Blades
  1435 | D:2      | Reached skill level 1 in Long Blades
  1435 | D:2      | Reached skill level 1 in Axes
  1435 | D:2      | Reached skill level 1 in Maces & Flails
  1435 | D:2      | Reached skill level 1 in Polearms
  1435 | D:2      | Reached skill level 1 in Staves
  1435 | D:2      | Reached skill level 1 in Slings
  1435 | D:2      | Reached skill level 1 in Bows
  1435 | D:2      | Reached skill level 1 in Crossbows
  1435 | D:2      | Reached skill level 1 in Throwing
  1435 | D:2      | Reached skill level 1 in Armour
  1435 | D:2      | Reached skill level 1 in Shields
  1435 | D:2      | Reached skill level 1 in Unarmed Combat
  1435 | D:2      | Reached skill level 1 in Evocations
  1553 | D:2      | Reached XP level 4. HP: 8/32 MP: 9/11
  1885 | D:2      | Noticed Jessica
  1948 | D:2      | Killed Jessica
  1948 | D:2      | Reached skill level 1 in Conjurations
  1948 | D:2      | Reached skill level 1 in Hexes
  1948 | D:2      | Reached skill level 1 in Charms
  1948 | D:2      | Reached skill level 1 in Summonings
  1948 | D:2      | Reached skill level 1 in Necromancy
  1948 | D:2      | Reached skill level 1 in Translocations
  1948 | D:2      | Reached skill level 1 in Fire Magic
  1948 | D:2      | Reached skill level 1 in Ice Magic
  1948 | D:2      | Reached skill level 1 in Air Magic
  1948 | D:2      | Reached skill level 1 in Earth Magic
  2212 | D:3      | Reached XP level 5. HP: 34/37 MP: 6/12
  2615 | D:3      | Found a hazy altar of Hepliaklqana.
  2886 | D:3      | Reached XP level 6. HP: 26/44 MP: 9/13
  3037 | D:4      | Reached skill level 5 in Dodging
  3056 | D:4      | Found a shattered altar of Ashenzari.
  3083 | D:4      | Became a worshipper of Ashenzari the Shackled
  3206 | D:4      | Found a burning altar of Makhleb.
  3460 | D:4      | Reached XP level 7. HP: 31/50 MP: 8/15
  4233 | D:4      | Found an ornate altar of the Wu Jian Council.
  4264 | D:5      | Entered Level 5 of the Dungeon
  4621 | D:5      | Reached skill level 5 in Stealth
  5003 | D:5      | Reached * piety under Ashenzari
  5383 | D:6      | Reached XP level 8. HP: 47/57 MP: 13/16
  6457 | D:6      | Reached XP level 9. HP: 19/65 MP: 18/18
  7867 | D:7      | Found a staircase to the Ecumenical Temple.
  8843 | D:8      | Found a blossoming altar of Fedhas.
  8880 | D:8      | Slain by a hippogriff

Levels and vault maps discovered:
D:1:      erik_arrival_blinker_ship, layout_loops_ring, nrook_mini_backslash
D:2:      layout_basic, uniq_jessica
D:3:      minmay_skewed_foursquare, layout_basic, lemuel_round_altar,
          kennysheep_potato
D:4:      layout_loops_cross, kennysheep_mini, lemuel_crystal_altar,
          lightli_temple_of_fire, first_ration, chequers_serial_rivers_micro_e
D:5:      layout_cave_pods
D:6:      layout_rooms, grunt_ministairs_3
D:7:      layout_cave_pools, minmay_temple_entry_large_hall
D:8:      lemuel_ratsnest, layout_basic, slow_altar_1,
          grunt_temple_overflow_open, david_lair_generic, serial_shops, shop,
          hangedman_pestilent_swarm

Skill      XL: |  1  2  3  4  5  6  7  8  9 |
---------------+----------------------------+-----
Transmutations | 2 3 4 |  4.3
Spellcasting   | 5 6 |  6.8
Invocations    | 1 2 3 4 |  4.9
Fighting       | 1 2 3 4 |  4.4
Short Blades   | 1 2 3 4 |  4.4
Long Blades    | 1 2 3 4 |  4.4
Axes           | 1 2 3 4 |  4.4
Maces & Flails | 1 2 3 4 |  4.4
Polearms       | 1 2 3 4 |  4.4
Staves         | 1 2 3 4 |  4.4
Slings         | 1 2 3 4 |  4.4
Bows           | 1 2 3 4 |  4.4
Crossbows      | 1 2 3 4 |  4.4
Throwing       | 1 2 3 4 |  4.4
Armour         | 1 2 3 4 |  4.4
Shields        | 1 2 3 4 |  4.4
Unarmed Combat | 1 2 3 4 |  4.4
Evocations     | 1 2 3 4 |  4.4
Conjurations   | 1 2 3 |  3.6
Hexes          | 1 2 3 |  3.6
Charms         | 1 2 3 |  3.6
Summonings     | 1 2 3 |  3.6
Necromancy     | 1 2 3 |  3.6
Translocations | 1 2 3 |  3.6
Fire Magic     | 1 2 3 |  3.6
Ice Magic      | 1 2 3 |  3.6
Air Magic      | 1 2 3 |  3.6
Earth Magic    | 1 2 3 |  3.6
Dodging        | 5 6 |  6.4
Stealth        | 5 6 |  6.2
Poison Magic   | 6 |  6.6

Action                   |  1- 3 |  4- 6 |  7- 9 || total
-------------------------+-------+-------+-------++-------
Melee: Club              |     5 |       |       ||     5
       Mace              |     7 |    24 |   153 ||   184
       Bite              |       |     2 |    32 ||    34
       Dagger            |       |       |   158 ||   158
Throw: Boomerang         |       |       |     5 ||     5
 Cast: Sting             |    54 |   115 |    92 ||   261
       Mephitic Cloud    |       |       |    18 ||    18
Invok: Curse Item        |       |     1 |       ||     1
  Use: Scroll            |       |       |     9 ||     9
       Potion            |       |       |     6 ||     6
 Stab: Sleeping          |       |       |     2 ||     2
       Confused          |       |       |    11 ||    11
       Distracted        |       |       |     2 ||     2
  Eat: Chunk             |     2 |     6 |    12 ||    20
       Ration            |       |       |     1 ||     1
Armor: Robe              |     3 |    11 |    26 ||    40
       Skin              |       |     2 |    49 ||    51
Dodge: Dodged            |    34 |    57 |   265 ||   356
       Repelled          |       |       |     1 ||     1
Block: Buckler           |       |     1 |   103 ||   104

Table legend:
 A = Non-vault XP
 B = Vault XP
 C = Vault XP percentage of total XP
 D = Non-vault monster count
 E = Vault monster count
 F = Vault count percentage of total count
                 A         B        C        D         E       F
            +---------+---------+-------+---------+---------+-------
      Total |    3980 |      83 |   2.0 |     179 |      12 |   6.3
            +---------+---------+-------+---------+---------+-------
        D:1 |      45 |       0 |   0.0 |      28 |       0 |   0.0
        D:2 |      54 |      37 |  40.7 |      13 |       1 |   7.1
        D:3 |     217 |      40 |  15.6 |      30 |       9 |  23.1
        D:4 |     453 |       0 |   0.0 |      24 |       0 |   0.0
        D:5 |     269 |       0 |   0.0 |      20 |       0 |   0.0
        D:6 |    1519 |       6 |   0.4 |      37 |       2 |   5.1
        D:7 |     981 |       0 |   0.0 |      20 |       0 |   0.0
        D:8 |     442 |       0 |   0.0 |       7 |       0 |   0.0
            +---------+---------+-------+---------+---------+-------
